[Event "Tata Steel Chess India Rapid & Blitz 2023"]
[Site "Kalkata"]
[Date "2023.09.06"]
[Round "4"]
[White "Vachier Lagrave, Maxime"]
[Black "Keymer, Vincent"]
[Result "1-0"]
[WhiteElo "2755"]
[BlackElo "2633"]
[ECO "C45"]
[EventDate "2023.??.??"]
[Annotator "Leitao,Rafael"]
[PlyCount "105"]
[Beauty "6807120512549"]
[EventType "rapid"]
[EventCountry "IND"]
[TimeControl "1500+10"]

1.e4 e5 2.Nf3 Nc6 3.d4 {Vachier-Lagrave is a principled chess player, and he rarely deviates from his favorite Ruy Lopez, but there's a time for everything. The Scotch Opening is a very good alternative and has been played many times by Kasparov, no less.} 3...exd4 4.Nxd4 Nf6 {This is the most ambitious move. The more solid 4...Bc5 is equally popular.} 5.Nxc6 bxc6 6.e5 Qe7 7.Qe2 Nd5 8.h4 {The second most popular move. This curious pawn push supports a possible Bg5 and also a rook lift on h3.} ( 8.c4 {is the main line.} ) 8...Qe6 {There are three alternatives that are nearly as popular. The move played in the game opens the path for the dark-squared bishop.} ( 8...d6 ) ( 8...a5 ) ( 8...f6 ) 9.Nd2 Nb4 {This is probably not the most accurate.} ( 9...a5 {prepares 9...Ba6 and is considered a critical move.} ) 10.Nf3 Ba6 11.c4 c5 {Vacating the c6-square for the knight.} ( 11...d5 $6 {[%c_effect d5;square;d5;type;Inaccuracy;persistent;true] leads to an advantage for White after} 12.a3 $1 Bxc4 13.Qd1 Bxf1 14.Kxf1 Na6 15.b4 ) ( 11...Qg6 {is interesting. A recent game continued:} 12.h5 Qc2 13.Nd4 Qxe2+ 14.Bxe2 c5 15.a3 cxd4 16.axb4 Bxb4+ 17.Bd2 Bxd2+ 18.Kxd2 Bb7 19.Rh4 c5 20.Ra5 Rc8 {with a slight advantage for White in Stevic-Csonka, Ajka 2023.} ) 12.a3 Nc6 13.Bd2 {The bishop heads to c3, supporting the e5-pawn.} 13...Be7 14.Bc3 f6 {A new move.} ( 14...Rb8 {was played in Vasquez-Sanner, email 2008.} ) 15.O-O-O O-O-O 16.exf6 Qxe2 17.Bxe2 Bxf6 18.Bxf6 gxf6 {The endgame is slightly better for White due to the better pawn structure. As a general rule, the fewer pawn islands you have, the better.} 19.Rhe1 ( 19.h5 $1 {[%c_effect h5;square;h5;type;GreatFind;persistent;true] is a good option. The idea is to develop the rook on h4, where it can go to f4 or g4.} ) 19...d6 20.Kd2 {Always remember to centralize the king in the endgame. The monarch is going to be well placed on c3.} 20...Bb7 21.g3 a5 {Useful prophylaxis against a future b2-b4 advance.} 22.Kc3 Ne5 23.Ng1 $1 {[%c_effect g1;square;g1;type;GreatFind;persistent;true] White correctly avoids the exchange and heads with the knight to the f4-square.} 23...Rhg8 24.Nh3 Bc6 ( 24...Bf3 $5 {[%c_effect f3;square;f3;type;Interesting;persistent;true] An interesting concept would be to exchange bishops before White plays Nf4-d5. The position would be more or less equal after} 25.Nf4 Bxe2 26.Rxe2 Kb7 27.Nd5 Rdf8 {followed by ...Rg4.} ) 25.Nf4 Kb7 26.Bd3 $1 h6 {Of course, Black doesn't want to exchange his proud knight on e5.} 27.Bf5 a4 {It's always difficult to decide on pawn advances in the endgame. This pawn may become a weakness later on.} ( 27...Bd7 ) 28.Nd5 Bxd5 29.cxd5 Nf3 $2 {[%c_effect f3;square;f3;type;Mistake;persistent;true] The first real mistake, and one that lands Black in a difficult position.} ( 29...Ka6 $1 {[%c_effect a6;square;a6;type;GreatFind;persistent;true] is better, with the idea of defending the pawn with the king on a5 and occupying the b-file with the rook.} ) 30.Re4 Nd4 31.Rdxd4 $1 {[%c_effect d4;square;d4;type;GreatFind;persistent;true] This cannot even be called a sacrifice since the a-pawn falls, and White is not down material. The light-squared bishop becomes a very strong piece.} 31...cxd4+ 32.Rxd4 c6 ( 32...Ra8 33.Rb4+ {picks up the pawn anyway.} ) 33.dxc6+ ( 33.Rxa4 {is possibly even better:} 33...cxd5 34.Be6 $1 {[%c_effect e6;square;e6;type;GreatFind;persistent;true] followed by Bxd5.} ) 33...Kxc6 34.Rxa4 {Black's position is very difficult to defend: all the pawns are separated, and White's queenside is ready to go forward.} 34...Rge8 35.Rf4 Re5 ( 35...Re1 {is more stubborn.} ) 36.Bd3 Rf8 37.b4 Re1 38.a4 ( 38.b5+ {is even stronger:} 38...Kb6 39.Kb4 {followed by 40.a4 with a winning position.} ) 38...d5 39.a5 Kd6 40.a6 Rc1+ 41.Kb2 ( 41.Kd4 {is natural and good. The king is a monster on d4 and the threat is 42.Rf5.} ) 41...Rd1 42.Rf3 Kc7 43.Kc3 {The king is ready to return.} 43...Rb8 ( 43...Kd6 {is a better defensive attempt. If White plays} 44.b5 $1 ( 44.Kd4 $6 f5 $1 {[%c_effect f5;square;f5;type;GreatFind;persistent;true] with some drawing chances.} ) 44...Kc5 45.Be2 Ra1 46.Kb2 Re1 47.Rc3+ {with a winning position.} ) 44.Rxf6 d4+ 45.Kc2 Ra1 46.b5 {White has a material advantage, and the pawns are too advanced. It's all over.} 46...Rb6 47.Rf7+ Kd6 48.a7 Ke6 49.Rh7 Ke5 50.f3 {With the idea of moving the bishop to e4.} 50...Ra2+ 51.Kb3 Ra1 52.Kb4 Ra2 53.Kc5 1-0

[Event "Tata Steel Chess India Rapid & Blitz 2023"]
[Site "Kalkata India"]
[Date "2023.09.10"]
[Round "15"]
[White "Praggnanandhaa, R."]
[Black "Grischuk, Alexander"]
[Result "0-1"]
[WhiteElo "2632"]
[BlackElo "2693"]
[ECO "C50"]
[EventDate "2023.??.??"]
[Annotator "rafael"]
[PlyCount "94"]
[Beauty "7146959801360"]
[EventType "blitz"]
[EventCountry "IND"]
[TimeControl "180+2"]

1.e4 e5 2.Nf3 Nc6 3.Bc4 Bc5 4.d3 Nf6 5.Nc3 {One of the many plans available for White in the Italian Opening.} 5...h6 6.a3 d6 ( 6...a6 {is logical, freeing the a7-square for the bishop.} ) 7.Na4 Bb6 8.h3 {Preventing ...Bg4.} 8...Be6 9.Bxe6 fxe6 10.O-O Qd7 11.c3 g5 {It was clear from the previous moves that Grischuk wanted to sharpen the game and castle queenside.} ( 11...O-O {There's nothing wrong with this solid choice.} ) 12.Nh2 {Necessary prophylaxis against the advance of Black's kingside pawns.} 12...O-O-O 13.b4 $1 Qg7 14.Ng4 ( 14.Nxb6+ {It's possible to start an immediate attack on the queenside:} 14...axb6 15.a4 {with the initiative for White.} ) 14...h5 15.Nxf6 Qxf6 16.Nxb6+ axb6 17.g3 $1 {[%c_effect g3;square;g3;type;GreatFind;persistent;true] A strong defensive move, famously used in a similar way by Petrosian against Spassky in the seventh game of the 1966 World Championship match. If Black advances the pawn to h4, White plays g4. If Black plays g4, White goes h4.} 17...Rdf8 18.Kg2 $6 ( 18.a4 {is stronger:} 18...h4 19.g4 Qf3 20.Qxf3 Rxf3 21.Be3 {with an advantage for White in the endgame.} ) 18...g4 $1 19.h4 Qf3+ 20.Qxf3 Rxf3 21.Rd1 d5 {White has to be careful in the endgame, since Black's rook is very powerful on f3 and can help with attacking the pawns on the third rank.} 22.Be3 $2 ( 22.b5 $1 {[%c_effect b5;square;b5;type;GreatFind;persistent;true] is the right way:} 22...Na5 23.exd5 exd5 24.Rb1 {White maintains approximate equality.} ) 22...d4 $1 23.cxd4 ( 23.Bg5 dxc3 24.Rac1 Nd4 25.Rxc3 Kd7 {with a clear advantage for Black.} ) 23...exd4 24.Bf4 {This is played in order to deny Black's knight the e5-square.} 24...e5 25.Bg5 {Let's not forget this is a blitz game and it's impossible to work out such details like whether Black should avoid the exchange of the bishop for the knight or not.} 25...Nd8 ( 25...Rhf8 {is also possible:} 26.Rd2 Kd7 {with good winning chances.} ) 26.Bxd8 Rxd8 27.a4 Kd7 $6 ( 27...Rd6 $1 {[%c_effect d6;square;d6;type;GreatFind;persistent;true] is the right way to convert the advantage:} 28.b5 c5 $1 29.bxc6 bxc6 {with a winning endgame. The rook on f3 is a great piece, tying down White's rooks.} ) 28.Rd2 Ra8 29.Kf1 b5 30.a5 b6 31.Ke2 $2 {[%c_effect e2;square;e2;type;Mistake;persistent;true] This allows Black's pawns to advance.} ( 31.Rda2 $1 {[%c_effect a2;square;a2;type;GreatFind;persistent;true] is correct and White is able to draw the game:} 31...Rxd3 ( 31...bxa5 32.Rxa5 Rxa5 33.Rxa5 Rxd3 34.Rxb5 ) 32.axb6 Rxa2 33.Rxa2 cxb6 34.Ra7+ Kc6 35.Re7 {with enough activity.} ) 31...bxa5 32.bxa5 ( 32.Rxa5 {also loses:} 32...Rxa5 33.bxa5 c5 34.Ra2 Rf8 {The rook comes to deal with the a-pawn.} 35.a6 Ra8 ) 32...c5 $2 ( 32...Ra6 $1 {[%c_effect a6;square;a6;type;GreatFind;persistent;true] It's necessary to block the pawn from advancing. Black is planning Rf8-a8, with a winning position.} ) 33.a6 c4 34.Ra5 $2 {[%c_effect a5;square;a5;type;Mistake;persistent;true] The losing move.} ( 34.dxc4 $1 {[%c_effect c4;square;c4;type;GreatFind;persistent;true] Surprisingly White can fight for a draw against two opposing pawns on the third rank after} 34...bxc4 35.a7 c3 36.Rda2 d3+ 37.Ke1 ) 34...c3 {Now the position is easily winning for Black.} 35.Rd1 Kc6 36.Rb1 Raf8 37.Rf1 Kb6 38.Raa1 Ra8 39.Rfb1 Rxa6 40.Rxa6+ Kxa6 41.Ra1+ Kb6 42.Ra8 b4 43.Re8 Kb5 44.Rxe5+ Ka4 45.Rd5 b3 46.Rxd4+ Ka3 47.Rd8 c2 0-1

[Event "Collegiate Chess League: Fall 2023"]
[Site "Chess.com"]
[Date "2023.10.04"]
[Round "4"]
[White "Antipov, Mikhail Al"]
[Black "Kevlishvili, Robby"]
[Result "1-0"]
[WhiteElo "2963"]
[BlackElo "2954"]
[ECO "B51"]
[EventDate "2023.??.??"]
[Annotator "rafael"]
[PlyCount "75"]
[Beauty "7834959905826"]
[EventType "team-tourn"]
[TimeControl "300+2"]

1.e4 c5 2.Nf3 d6 3.Bb5+ Nd7 4.O-O a6 5.Bd3 Ngf6 6.Re1 e6 7.Bf1 ( 7.c3 {is the main move. The plan is to move the bishop to c2 and play d4.} ) 7...b6 8.d4 cxd4 9.Nxd4 Bb7 10.f3 Be7 11.c4 O-O 12.Nc3 {A typical \"hedgehog\" pawn structure. However, instead of long maneuvers, we will have an original game and a lot of action quickly.} 12...Rc8 {A good move to disrupt the natural development of the white pieces.} ( 12...Qc7 {It makes the game easier for White, not that this is a guarantee of victory.} 13.Be3 Rac8 14.Rc1 Qb8 15.Qd2 {with a typical position: Kovalev-Harsha,B Wch Rapid Warsaw 2021.} ) 13.Qd2 $5 {[%c_effect d2;square;d2;type;Interesting;persistent;true] A creative move. The idea of Qd2 with the bishop on c1, followed by b3-Bb2, is known in many positions, but I admit that I had never seen this plan in a hedgehog structure.} ( 13.Be3 Ne5 $1 {[%c_effect e5;square;e5;type;GreatFind;persistent;true] This is Black's idea.} 14.Qb3 ( 14.b3 b5 $1 {[%c_effect b5;square;b5;type;GreatFind;persistent;true] Taking advantage of the fact that the c3-knight is unprotected.} ) 14...Nfd7 {With a balanced position. White's queen position is not ideal.} ) 13...Qc7 {Black prepares to answer 14.b3 with b5, as now the white knight is unprotected on c3.} ( 13...Ne5 14.b3 {Here ...b5 no longer works.} ) 14.b3 b5 {The critical move.} ( 14...Rfd8 15.Ba3 Bf8 16.Rac1 Qb8 {leads to slow play: Kovalev-Martinez Alcantara, Chess.com Rapid 2022.} ) 15.cxb5 $1 {[%c_effect b5;square;b5;type;GreatFind;persistent;true][%c_arrow c7c3;keyPressed;none;from;c7;opacity;0.8;to;c3;persistent;false][%c_highlight c3;keyPressed;none;opacity;0.8;square;c3;persistent;false,b5;keyPressed;none;opacity;0.8;square;b5;persistent;false,a6;keyPressed;none;opacity;0.8;square;a6;persistent;false] This is White's idea, an interesting piece sacrifice that leads to a very sharp position. All of this had already been played before by GM Kovalev.} 15...Qxc3 16.Qxc3 Rxc3 17.bxa6 Ba8 18.Ba3 {White has two pawns for the piece, including doubled pawns on the a-file, but the passers are very dangerous. The position is difficult to play as Black, especially in a blitz game, despite the computer's assessment as equal.} 18...Ne5 {A logical move, improving the knight's position.} ( 18...Re8 {was played in the original game.} 19.Rec1 Rxc1 ( 19...Rec8 $6 20.Rxc3 Rxc3 21.Bc4 $1 d5 22.Bxe7 dxc4 23.Nb5 {with advantage for White.} ) ( 19...Rcc8 {is interesting.} ) 20.Rxc1 Bd8 21.Nb5 Bb6+ 22.Kh1 d5 {with a complicated position in Kovalev-Donchenko, Wch Rapid Warsaw 2021.} ) ( 18...Rc7 {is the computer's suggestion.} ) 19.Rec1 ( 19.Nb5 {is not dangerous:} 19...Rc6 ) ( 19.Red1 Rd8 {transposes to the game.} ) 19...Rfc8 20.Rd1 $1 {[%c_effect d1;square;d1;type;GreatFind;persistent;true] The best chance for an advantage.} ( 20.Rxc3 Rxc3 21.Nb5 Rc6 {Black is fine.} ) 20...Rd8 {The d6-pawn must be protected.} 21.Bb4 Rcc8 22.a4 $5 {[%c_effect a4;square;a4;type;Interesting;persistent;true] This seems slow, but actually it's quite interesting. White simply advances the pawns.} 22...Nc6 $2 {[%c_effect c6;square;c6;type;Mistake;persistent;true] A mistake is fatal in a position as unbalanced as this. Black had to quickly seek counterplay.} ( 22...g5 $1 {[%c_effect g5;square;g5;type;GreatFind;persistent;true] is the best, with the idea of playing g4, creating some targets.} ) 23.Nxc6 Bxc6 24.Ba5 $1 {[%c_effect a5;square;a5;type;GreatFind;persistent;true] Opening the way for the b-pawn.} 24...Re8 25.b4 {White's position is already winning, as the pawns cannot be controlled.} 25...d5 26.b5 Bd7 27.e5 Nh5 28.Bb6 ( {The crude} 28.b6 {is already enough.} ) 28...f6 29.exf6 Nxf6 30.a7 e5 31.f4 $1 {[%c_effect f4;square;f4;type;GreatFind;persistent;true] The most accurate.} ( 31.a5 {is also winning, but Black gets some practical chances after} 31...d4 ) 31...Bg4 ( 31...exf4 32.Bd4 {Followed by the advance of the queenside.} ) 32.Rdc1 Nd7 33.Bf2 d4 34.Rxc8 Rxc8 35.Rc1 {White has many ways of winning.} ( 35.fxe5 ) ( 35.a5 ) 35...Nb6 ( 35...Ra8 {is more stubborn. A possible variation is} 36.Bc4+ Kh8 ( 36...Kf8 37.Bd5 Rxa7 38.Rc8+ {wins material.} ) 37.h3 Bf5 38.Bd5 Rxa7 39.Rc8+ Nf8 40.b6 Rxa4 41.b7 Rb4 42.b8=Q Rxb8 43.Rxb8 exf4 44.Bxd4 {with an easy win.} ) 36.a5 Nd5 37.Rxc8+ Bxc8 38.a8=Q 1-0

[Event "Collegiate Chess League: Fall 2023"]
[Site "Chess.com"]
[Date "2023.10.15"]
[Round "1"]
[White "Batsuren, Dambasuren"]
[Black "Balakrishnan, Praveen"]
[Result "1-0"]
[WhiteElo "2848"]
[BlackElo "2861"]
[ECO "E20"]
[EventDate "2023.??.??"]
[PlyCount "155"]
[Beauty "5434228365855"]
[EventType "team-tourn"]
[TimeControl "300+2"]

1.d4 Nf6 2.c4 e6 3.Nc3 Bb4 4.f3 d5 5.a3 Be7 6.e4 dxe4 7.fxe4 c5 8.d5 exd5 9.exd5 O-O 10.Be2 a6 11.Nf3 Bd6 12.O-O h6 13.h3 Bf5 14.Bd3 Bxd3 15.Qxd3 Nbd7 16.Be3 Re8 17.Rae1 Bg3 18.Re2 Qc7 19.Bd2 Nf8 20.Ne4 Nxe4 21.Rxe4 Rxe4 22.Qxe4 Ng6 23.Bc3 Qd7 24.Nd2 Re8 25.Qf3 Bb8 26.Ne4 f5 27.Qh5 Nf4 28.Nxc5 Qc8 29.Rxf4 Qxc5+ 30.Kh1 Qe7 31.Rf1 Rf8 32.Rxf5 Rc8 33.Qg4 Kh7 34.Qf3 Qc7 35.Be5 Qxc4 36.Bxb8 Rxb8 37.Rf7 Qd4 38.Qf5+ Kg8 39.Qe6 Kh7 40.Qf5+ Kg8 41.Rxb7 Rf8 42.Qe6+ Kh7 43.Rf7 Rxf7 44.Qxf7 Qd1+ 45.Kh2 Qd4 46.Qf5+ Kg8 47.Qe6+ Kh7 48.d6 Qf4+ 49.Kh1 Qf1+ 50.Kh2 Qf4+ 51.Kg1 Qc1+ 52.Kf2 Qxb2+ 53.Kg3 Qxa3+ 54.Kh2 Qb4 55.Qf5+ Kg8 56.Qd5+ Kf8 57.Qf5+ Kg8 58.Qe6+ Kh7 59.d7 Qf4+ 60.Kg1 Qd4+ 61.Kf1 Qd3+ 62.Kf2 a5 63.Qe7 Qd4+ 64.Ke2 Qc4+ 65.Kf3 Qd3+ 66.Kf4 Qd2+ 67.Kg3 Qc3+ 68.Kf2 Qd2+ 69.Kf3 Qd3+ 70.Kf4 Qc4+ 71.Ke5 Qc3+ 72.Ke6 Qe3+ 73.Kf7 Qb3+ 74.Qe6 Qb8 75.Qe4+ Kh8 76.Qe8+ Qxe8+ 77.dxe8=Q+ Kh7 78.Qg8# 1-0